Map: Ruins of Endion

Players

Miszu - Winner!

  • Race: Terran Terran
  • League: Master

JeSuisCharli

  • Race: Protoss Protoss
  • League: Grandmaster

VOD

Have the link to the VOD?

Description

Time

  • Played on: April 17, 2016, 4:29 p.m.
  • Length: 10:30
Show
View Real Time Build Order
Export as new Build Order

Miszu Terran - Winner!

Build Orders: Command Center First (CC), MMM Bio 

Get SALT Encoding   

  12  0:01  SCV  
  13  0:13  SCV  
  14  0:17  Supply Depot  
  14  0:25  SCV  
  15  0:39  SCV  
  16  0:52  SCV  
  17  1:00  Command Center  
  17  1:04  SCV  
  18  1:16  SCV  
  19  1:19  Barracks  
  19  1:28  SCV  
  20  1:33  Barracks  
  20  1:40  SCV  
  21  1:49  Barracks  
  21  1:52  SCV  
  22  2:06  Marine, Orbital Command  
  23  2:19  Orbital Command  
  23  2:22  Marine  
  24  2:29  Marine  
  25  2:31  SCV  
  25  2:33  Refinery  
  25  2:36  Marine, Refinery  
  27  2:40  Marine  
  27  2:43  SCV  
  29  2:45  SCV  
  30  2:51  Supply Depot  
  30  2:55  SCV  
  30  2:57  Marine, SCV  
  33  3:00  Marine  
  33  3:04  Marine  
  35  3:08  SCV  
  35  3:09  SCV  
  37  3:15  Supply Depot, Barracks Tech Lab  
  37  3:20  SCV  
  37  3:21  SCV  
  37  3:26  Marine  
  40  3:28  Marine  
  40  3:32  SCV  
  40  3:33  SCV  
  43  3:36  Marine  
  43  3:38  Supply Depot  
  44  3:44  Marine, SCV  
  44  3:45  SCV  
  44  3:46  Marine  
  48  3:54  Marine  
  49  3:55  Factory  
  49  3:56  Engineering Bay, SCV  
  49  4:01  SCV  
  52  4:08  Refinery  
  52  4:09  SCV  
  54  4:11  Engineering Bay  
  54  4:12  Supply Depot, Marine  
  54  4:15  Barracks Reactor, Barracks Tech Lab  
  54  4:16  SCV  
  54  4:21  Barracks, SCV  
  54  4:22  Barracks  
  55  4:27  Terran Infantry Weapons Level 1  
  55  4:28  SCV  
  55  4:29  Missile Turret  
  56  4:33  SCV  
  56  4:37  Refinery  
  57  4:39  Marine x2  
  57  4:40  SCV  
  60  4:45  SCV  
  60  4:46  Missile Turret  
  60  4:49  Starport  
  60  4:52  Factory Reactor  
  61  4:53  Marine  
  61  4:54  Marine  
  61  4:57  Marine x2  
  57  5:18  Marine  
  57  5:19  Marine x2, Marauder  
  58  5:25  Marine  
  58  5:36  Marine  
  58  5:40  Marauder  
  58  5:41  Medivac x2  
  58  5:42  Marine  
  66  5:51  Marine x3  
  66  5:54  Marine  
  70  6:01  Supply Depot  
  70  6:09  Stimpack  
  70  6:22  Marine x2, SCV x2  
  70  6:23  Marauder  
  76  6:26  Marine x2  
  78  6:39  SCV  
  78  6:44  SCV  
  78  6:46  Marine  
  78  6:47  Marine  
  78  6:49  Marine  
  78  6:51  Marine  
  78  7:06  Marine  
  78  7:07  Marine  
  78  7:19  Supply Depot  
  78  7:20  Supply Depot  
  78  7:21  Marine, Medivac, SCV x2  
  85  7:23  Liberator  
  85  7:24  Marine, Marauder, Factory Reactor  
  85  7:25  Supply Depot, Marine  
  85  7:26  Terran Infantry Armor Level 1  
  85  7:28  Barracks Tech Lab  
  85  7:29  Barracks Reactor  
  87  7:34  SCV x2  
  84  7:38  Liberator  
  84  7:39  Marine  
  84  7:42  Marine  
  89  7:44  Marine  
  89  7:45  Marauder  
  92  7:54  Marauder  
  92  7:57  Marine  
  97  7:59  Marine  
  94  8:06  Marauder  
  94  8:08  Marine  
  94  8:10  Marine  
  94  8:11  Marine  
  99  8:15  Marauder  
  99  8:18  SCV  
  102  8:25  Supply Depot  
  102  8:26  Marine  
  103  8:27  Marine  
  103  8:28  Marauder  
  103  8:30  Combat Shields  
  103  8:31  Concussive Shells  
  105  8:37  Marauder, Liberator  
  107  8:43  SCV x2  
  109  8:49  Marauder  
  109  8:52  Supply Depot  
  109  8:55  SCV x2  
  118  9:05  Widow Mine x2  
  118  9:08  Marine  
  124  9:10  SCV  
  124  9:14  Command Center  
  122  9:18  SCV  
  122  9:21  Supply Depot  
  123  9:24  Supply Depot  
  123  9:28  Marauder  
  123  9:29  Marauder  
  129  9:41  Marine x2  
  129  9:44  Medivac  
  129  9:45  Medivac  
  133  9:49  Marauder  
  133  9:51  Marauder  
  102  10:08  Marine  
Show
View Real Time Build Order
Export as new Build Order

JeSuisCharli Protoss 

Build Orders: 1 Gate Expand 

Get SALT Encoding   

  12  0:01  Probe (Chrono Boost)  
  13  0:11  Probe (Chrono Boost)  
  14  0:17  Pylon  
  14  0:22  Probe (Chrono Boost)  
  15  0:36  Probe (Chrono Boost)  
  15  0:37  Gateway  
  15  0:42  Assimilator  
  16  0:46  Probe (Chrono Boost)  
  18  0:57  Probe (Chrono Boost)  
  18  1:07  Probe (Chrono Boost)  
  19  1:25  Nexus  
  19  1:32  Cybernetics Core  
  19  1:33  Probe (Chrono Boost)  
  20  1:41  Assimilator  
  20  1:43  Probe (Chrono Boost)  
  21  1:51  Pylon  
  22  1:54  Probe (Chrono Boost)  
  22  2:05  Probe (Chrono Boost)  
  23  2:10  Adept  
  25  2:16  Probe (Chrono Boost)  
  25  2:20  Robotics Facility  
  25  2:21  Warp Gate (Chrono Boost)  
  26  2:28  Probe (Chrono Boost)  
  27  2:37  Adept  
  27  2:38  Probe x2  
  31  2:49  Probe  
  31  2:50  Probe  
  33  2:55  Pylon  
  33  2:59  Probe  
  33  3:02  Probe  
  35  3:10  Probe  
  35  3:12  Immortal (Chrono Boost)  
  40  3:23  Gateway  
  40  3:29  Gateway  
  40  3:41  Gateway  
  40  3:46  Gateway, Warp Prism (Chrono Boost)  
  42  3:53  Gateway  
  42  4:00  Gateway  
  42  4:03  Probe  
  42  4:04  Pylon  
  42  4:05  Probe  
  44  4:12  Pylon  
  44  4:14  Probe  
  46  4:24  Probe  
  46  4:26  Probe  
  46  4:28  Pylon  
  47  4:38  Adept x3  
  53  4:50  Probe  
  53  4:51  Pylon  
  54  5:01  Adept x3, Sentry  
  54  5:02  Adept x2  
  56  5:16  Probe  
  56  5:17  Warp Prism  
  56  5:19  Robotics Bay  
  53  5:22  Probe  
  54  5:28  Assimilator  
  54  5:33  Mothership Core, Assimilator  
  56  5:43  Probe  
  56  5:47  Pylon  
  57  5:52  Twilight Council  
  57  5:53  Forge  
  62  5:57  Probe  
  62  6:01  Probe  
  59  6:09  Pylon  
  59  6:12  Adept x4  
  59  6:16  Pylon, Disruptor  
  59  6:17  Probe x2  
  72  6:18  Gravitic Drive (Chrono Boost)  
  72  6:23  Blink  
  72  6:29  Probe  
  72  6:30  Protoss Ground Weapons Level 1 (Chrono Boost)  
  71  6:43  Adept x5, Stalker  
  79  6:52  Probe  
  72  7:00  Adept  
  60  7:11  Disruptor  
  60  7:14  Probe (Chrono Boost)  
  64  7:18  Probe (Chrono Boost)  
  65  7:26  Probe (Chrono Boost)  
  65  7:29  Probe (Chrono Boost)  
  67  7:36  Probe (Chrono Boost)  
  68  7:38  Stalker x2  
  68  7:40  Probe (Chrono Boost)  
  73  7:45  Nexus  
  73  7:58  Nexus  
  70  8:10  Adept x2  
  70  8:11  Stalker x2  
  63  8:14  Probe (Chrono Boost)  
  63  8:16  Probe (Chrono Boost)  
  64  8:24  Probe (Chrono Boost)  
  65  8:27  Probe (Chrono Boost)  
  65  8:29  Pylon  
  66  8:35  Adept, Protoss Ground Armor Level 1, Probe (Chrono Boost)  
  66  8:38  Probe (Chrono Boost)  
  68  8:45  Probe (Chrono Boost)  
  68  8:48  Observer, Probe (Chrono Boost)  
  71  8:56  Probe (Chrono Boost)  
  71  8:59  Probe (Chrono Boost)  
  73  9:06  Probe (Chrono Boost)  
  73  9:09  Probe x2 (Chrono Boost)  
  76  9:17  Probe (Chrono Boost)  
  76  9:18  Probe, Disruptor  
  76  9:20  Probe  
  82  9:29  Probe  
  84  9:32  Probe  
  84  9:33  Stalker x2  
  85  9:41  Probe  
  74  9:54  Adept  
  74  9:55  Adept x4  
  51  10:13  Stalker x2  
  40  10:15  Stalker x2  
Tags
 
Add a new tag
Caveats
  • Supply blocks, unpowered buildings, or Contaminate may cause inaccurate times.
  • Supply counts are checked every 10 seconds.